 Dungeon Crawl Stone Soup version 0.27-a0-279-gdfb9265905 (webtiles) character file.

Game seed: 4532297425734339995

11279 lessens the Bludgeoner (level 11, -7/64 HPs)
             Began as a Gargoyle Gladiator on Feb 7, 2021.
             Was a High Priest of Okawaru.
             Killed from afar by an orc (14 damage)
             ... with a bolt of acid
             ... on level 11 of the Dungeon.
             The game lasted 00:18:46 (14284 turns).

lessens the Bludgeoner (Gargoyle Gladiator)        Turns: 14284, Time: 00:18:47

Health: -7/64      AC: 21    Str: 27    XL:     11   Next: 75%
Magic:  15/15      EV:  8    Int:  9    God:    Okawaru [*****.]
Gold:   422        SH:  0    Dex: 11    Spells: 10/10 levels left

rFire    . . .     SeeInvis .   u - +2 flail (protect)
rCold    . . .     Faith    .   (no shield)
rNeg     + + .     Spirit   .   h - +1 plate armour "Kudoetia" {Str+6} (curse)
rPois    ∞         Reflect  .   c - +0 helmet
rElec    +         Harm     .   x - +2 cloak
rCorr    .         Rampage  .   F - +2 pair of gloves
Will     .....                  H - +0 pair of boots (curse)
Stlth    ..........             (no amulet)
HPRegen  0.20/turn              r - ring of flight
MPRegen  0.14/turn              i - ring of positive energy

@: corroded, flying
A: negative energy resistance 1, electricity resistance, unbreathing,
petrification resistance, miasma immunity, AC +8
a: Stop Flying, Renounce Religion, Heroism, Finesse


You were on level 11 of the Dungeon.
You worshipped Okawaru.
Okawaru was extremely pleased with you.
You visited 2 branches of the dungeon, and saw 12 of its levels.

You collected 609 gold pieces.
You spent 187 gold pieces at shops.

Inventory:

Hand Weapons
 a - a +1 flail
 u - a +2 flail of protection (weapon)
Missiles
 d - 4 throwing nets (quivered)
 e - 358 stones
 p - 11 poisoned darts
 M - 8 boomerangs
 P - 4 curare-tipped darts
 S - 5 silver boomerangs
Armour
 c - a +0 helmet (worn)
 h - the cursed +1 plate armour "Kudoetia" (worn) {Str+6}
   (You found it on level 10 of the Dungeon)

   It affects your strength (+6).
   It has a curse placed upon it.
 j - a +0 ring mail
 x - a +2 cloak (worn)
 F - a +2 pair of gloves (worn)
 H - a cursed +0 pair of boots (worn)
Jewellery
 i - a ring of positive energy (right hand)
 r - a ring of flight (left hand)
Wands
 D - a wand of flame (9)
 E - a wand of iceblast (9)
 T - a wand of mindburst (11)
 U - a wand of acid (7)
Scrolls
 b - 4 scrolls of remove curse
 k - 2 scrolls of enchant weapon
 o - a scroll of enchant armour
 q - 4 scrolls of magic mapping {unknown}
 s - 4 scrolls of teleportation
 w - 2 scrolls of fear {unknown}
 y - 2 scrolls of amnesia {unknown}
 A - a scroll of summoning {unknown}
 B - 4 scrolls of immolation {unknown}
 I - 3 scrolls of fog {unknown}
 J - a scroll of holy word {unknown}
 O - a scroll of torment {unknown}
 R - a scroll of identify
Potions
 f - 8 potions of curing
 g - 3 potions of degeneration
 l - a potion of might
 m - 2 potions of resistance
 n - 2 potions of mutation
 t - 2 potions of ambrosia
 v - a potion of cancellation
 z - 3 potions of magic
 C - a potion of brilliance
 G - 2 potions of invisibility
 K - 2 potions of haste
 L - 2 potions of lignification
 N - a potion of heal wounds
 Q - a potion of flight


   Skills:
 - Level 6.2 Fighting
 * Level 15.4 Maces & Flails
 - Level 1.7 Throwing
 - Level 4.0 Armour
 - Level 2.4 Dodging
 + Level 6.3 Invocations


You had 10 spell levels left.
You didn't know any spells.
Your spell library contained the following spells:

 Spells                   Type           Power        Failure   Level
 Summon Small Mammal      Summ           0%           99%         1
 Call Imp                 Summ           0%           100%        2
 Call Canine Familiar     Summ           0%           100%        3
 Portal Projectile        Hex/Tloc       0%           100%        3
 Static Discharge         Conj/Air       0%           100%        3
 Summon Guardian Golem    Hex/Summ       0%           100%        3
 Teleport Other           Tloc           0%           100%        3
 Cause Fear               Hex            0%           100%        4
 Summon Ice Beast         Ice/Summ       0%           100%        4
 Summon Lightning Spire   Summ/Air       0%           100%        4
 Bolt of Magma            Conj/Fire/Erth 0%           100%        5
 Iskenderun's Battlesphe  Conj           0%           100%        5
 Lightning Bolt           Conj/Air       0%           100%        5
 Silence                  Hex/Air        0%           100%        5
 Yara's Violent Unravell  Hex/Tmut       0%           100%        5
 Iron Shot                Conj/Erth      0%           100%        6
 Orb of Destruction       Conj           0%           100%        7
 Spellforged Servitor     Conj/Summ      0%           100%        7
 Discord                  Hex            0%           100%        8
 Ignition                 Fire           0%           100%        8
 Shatter                  Erth           0%           100%        9
 Tornado                  Air            0%           100%        9
 Statue Form              Tmut/Erth      Unusable     N/A         6

Dungeon Overview and Level Annotations

Branches:
Dungeon (11/15)            Temple (1/1) D:5            Lair (0/6) D:11
    Orc (0/2) D:9

Altars:
Ashenzari
Cheibriados
Dithmenos
Elyvilon
Fedhas
Gozag
Hepliaklqana
Kikubaaqudgha
Makhleb
Nemelex Xobeh
Okawaru
Qazlal
Ru
Sif Muna
Trog
Uskayaw
Vehumet
Wu Jian
Xom
Yredelemnul
Zin
The Shining One

Shops:
D:6 !   D:8 [

Portals:
Trove: D:11 (give +3 storm dragon scales)

Annotations:
D:3 3 runed translucent doors, garrulousMonolith's ghost, amateur HOFi
D:4 3 runed translucent doors, Ofeo's ghost, amateur HOFi
D:7 exclusion: door


Innate Abilities, Weirdness & Mutations

You are resistant to torment.
Your stone body is resilient. (AC +8)
You are immune to poison.
You resist negative energy. (rN+)
You are resistant to electric shocks. (rElec)
You can survive without breathing.
You are immune to petrification.
You are immune to miasma.


Message History

A kobold and an orc wizard come into view.
The orc wizard is wielding a +0 dagger of protection.
You closely miss the orc warrior.
The orc wizard shouts!
The kobold shouts!
You hear a shout!
A worker ant comes into view.
The orc warrior hits you with a +0 battleaxe!
The orc zaps a wand.
The bolt of acid hits you. The acid corrodes you!
You are splashed with acid!
You closely miss the orc warrior. Something hits you but does no damage.
A kobold demonologist comes into view. It is wielding a +0 dagger.
You barely miss the orc warrior.
The orc zaps a wand.
The bolt of acid hits you!
You are splashed with acid!
* * * LOW HITPOINT WARNING * * *
The orc warrior hits you but does no damage.
You are too injured to fight recklessly!
The orc zaps a wand.
The bolt of acid hits something!!
The acid corrodes something!
Reactivating autopickup.
The bolt of acid hits you!
You die...

......# BK ...#### o
.....## o ...P..##
########.
.......###.......## #
>..........≈≈≈≈≈oo###.##
...P....#..≈...≈.o......
......#.##.≈.∩.≈)o......
..††.##.##.≈...≈@.......
..†####....≈≈≈≈≈........
.##.# ####..............
....# ###..).........
###.# #............ #.#
#............ #.#
###########.# #.## $#
#..#


You could see an orc warrior, an orc wizard and 4 orcs.

Vanquished Creatures
  Erica (D:8)
  3 two-headed ogres
  A skeletal warrior (D:9)
  A cyclops (D:9)
  An elephant (D:10)
  Joseph (D:8)
  A centaur skeleton (D:11)
  A troll (D:9)
  2 wyverns
  A basilisk (D:11)
  Eustachio (D:4)
  Duvessa (D:4)
  2 water moccasins (D:8)
  4 orc warriors
  2 sky beasts
  3 black bears
  A necrophage (D:7)
  3 ice beasts
  4 ogres
  2 centaurs
  2 big kobolds
  3 phantoms
  Blork the orc (D:4)
  9 bullfrogs
  2 gnoll sergeants (D:10)
  Dowan (D:4)
  A water moccasin skeleton (D:9)
  A water moccasin zombie (D:5)
  2 scorpions
  A killer bee (D:8)
  13 wights
  2 howler monkeys (D:4)
  A centaur zombie (D:7)
  6 hounds
  6 bullfrog skeletons
  5 jellies
  9 orc priests
  Crazy Yiuf (D:2)
  2 iguanas
  Jessica (D:2)
  Natasha (thrice) (D:2)
  4 orc wizards
  13 worker ants
  3 hound zombies
  2 hound skeletons
  A worker ant zombie (D:11)
  14 gnolls
  15 adders
  4 white imps
  5 ufetubi
  An ooze (D:6)
  3 adder skeletons
  3 leopard geckos
  39 orcs
  9 giant cockroaches
  17 goblins
  9 hobgoblins
  17 jackals
  22 kobolds
  8 quokkas
  A ball python (D:2)
  3 bats (D:2)
  5 frilled lizards
  2 jackal skeletons
  2 leopard gecko skeletons
  A quokka skeleton (D:5)
  9 rats
320 creatures vanquished.

Vanquished Creatures (others)
  An orc wizard (D:11)
  4 fungi (D:3)
  51 plants (D:9)
56 creatures vanquished.

Grand Total: 376 creatures vanquished

Notes
Turn   | Place    | Note
-------+----------+-------------------------------------------
     0 | D:1      | lessens the Gargoyle Gladiator began the quest for the Orb.
     0 | D:1      | Reached XP level 1. HP: 12/12 MP: 1/1
   248 | D:1      | Reached XP level 2. HP: 12/17 MP: 2/2
  1104 | D:2      | Reached skill level 4 in Maces & Flails
  1104 | D:2      | Reached XP level 3. HP: 19/21 MP: 3/3
  1381 | D:2      | Reached XP level 4. HP: 23/26 MP: 4/4
  1631 | D:2      | Found a white marble altar of Elyvilon.
  1636 | D:2      | Noticed Jessica
  1646 | D:2      | Reached skill level 5 in Maces & Flails
  1652 | D:2      | Killed Jessica
  1657 | D:2      | Noticed Natasha
  1676 | D:2      | Killed Natasha
  1677 | D:2      | Reached XP level 5. HP: 9/30 MP: 5/5
  1973 | D:2      | Found a broken altar of Ashenzari.
  2167 | D:2      | Noticed Natasha
  2168 | D:2      | Found a glowing silver altar of Zin.
  2171 | D:2      | Killed Natasha
  2172 | D:2      | Reached skill level 6 in Maces & Flails
  2239 | D:2      | Found a runed translucent door.
  2240 | D:2      | Noticed Crazy Yiuf
  2304 | D:2      | Noticed Natasha
  2312 | D:2      | Killed Natasha
  2450 | D:2      | Reached XP level 6. HP: 31/35 MP: 6/6
  2582 | D:2      | Paralysed by Crazy Yiuf for 3 turns
  2586 | D:2      | Killed Crazy Yiuf
  2780 | D:3      | Found a runed translucent gate.
  2780 | D:3      | Found a runed translucent gate.
  2780 | D:3      | Found a runed translucent gate.
  2789 | D:3      | Identified the cursed +1 whip "Vossaol" {drain, rPois rN++
                  | Dex+4 Stlth-}
  2789 | D:3      | Noticed garrulousMonolith's ghost (amateur HOFi)
  2807 | D:3      | Found a shimmering blue altar of Sif Muna.
  2904 | D:3      | Reached skill level 7 in Maces & Flails
  3180 | D:3      | Found a basalt altar of Yredelemnul.
  3289 | D:3      | Found a blossoming altar of Fedhas.
  3723 | D:4      | Reached XP level 7. HP: 40/40 MP: 7/7
  3870 | D:4      | Noticed Blork the orc
  3880 | D:4      | Killed Blork the orc
  3881 | D:4      | Reached skill level 8 in Maces & Flails
  4071 | D:4      | Reached skill level 9 in Maces & Flails
  4081 | D:4      | Found an ancient bone altar of Kikubaaqudgha.
  4141 | D:4      | Found a glowing golden altar of the Shining One.
  4145 | D:4      | Found a radiant altar of Vehumet.
  4150 | D:4      | Found a sparkling altar of Nemelex Xobeh.
  4264 | D:4      | Noticed Eustachio
  4317 | D:4      | Killed Eustachio
  4318 | D:4      | Reached XP level 8. HP: 26/44 MP: 8/8
  4573 | D:4      | Found a runed translucent gate.
  4573 | D:4      | Noticed Ofeo's ghost (amateur HOFi)
  4574 | D:4      | Found a runed translucent gate.
  4574 | D:4      | Found a runed translucent gate.
  4636 | D:4      | Noticed Duvessa
  4649 | D:4      | Killed Duvessa
  4657 | D:4      | Noticed Dowan
  4803 | D:4      | Reached skill level 10 in Maces & Flails
  5241 | D:4      | Killed Dowan
  5502 | D:5      | Entered Level 5 of the Dungeon
  5895 | D:5      | Found a staircase to the Ecumenical Temple.
  5902 | Temple   | Entered the Ecumenical Temple
  6137 | Temple   | Became a worshipper of Warmaster Okawaru
  6225 | D:5      | Reached skill level 1 in Armour
  7353 | D:6      | Found Wuvadghung's Distillery.
  7363 | D:6      | Bought a potion of heal wounds for 55 gold pieces
  7363 | D:6      | Bought a potion of invisibility for 88 gold pieces
  7363 | D:6      | Bought a potion of might for 44 gold pieces
  7620 | D:6      | Reached skill level 11 in Maces & Flails
  7692 | D:6      | Reached XP level 9. HP: 48/48 MP: 9/9
  9103 | D:7      | Reached * piety under Okawaru
  9188 | D:7      | Reached skill level 12 in Maces & Flails
  9239 | D:7      | Noticed a brown ugly thing
  9239 | D:7      | Noticed a red ugly thing
  9240 | D:7      | Noticed a brown ugly thing
  9241 | D:7      | Noticed a cyclops
  9453 | D:8      | Noticed Erica
  9478 | D:8      | HP: 2/51 [something (1)]
  9483 | D:8      | Killed Erica
  9483 | D:8      | Reached ** piety under Okawaru
  9484 | D:8      | Reached XP level 10. HP: 2/58 MP: 10/10
  9730 | D:8      | Found an ornate altar of the Wu Jian Council.
  9784 | D:8      | Found a white marble altar of Elyvilon.
  9785 | D:8      | Noticed Joseph
  9799 | D:8      | Killed Joseph
  9800 | D:8      | Reached skill level 5 in Fighting
  9800 | D:8      | Reached skill level 13 in Maces & Flails
  9905 | D:8      | Found Tyihomuh's Antique Armour Shop.
 10334 | D:8      | Reached *** piety under Okawaru
 10782 | D:9      | Found a staircase to the Orcish Mines.
 10860 | D:9      | Found a snail-covered altar of Cheibriados.
 11239 | D:9      | Reached skill level 1 in Invocations
 11525 | D:9      | Found an opulent altar of Gozag.
 11729 | D:9      | Reached **** piety under Okawaru
 12035 | D:9      | Noticed a two-headed ogre
 12050 | D:9      | Killed a two-headed ogre
 12050 | D:9      | Received a gift from Okawaru
 12051 | D:9      | Reached skill level 14 in Maces & Flails
 12058 | D:9      | Reached XP level 11. HP: 55/64 MP: 11/13
 12066 | D:9      | Identified Devy's Tome of the Shifting Compass
 12144 | D:9      | Noticed a skeletal warrior
 12165 | D:9      | Killed a skeletal warrior
 12318 | D:9      | Noticed a cyclops
 12340 | D:9      | Killed a cyclops
 12350 | D:9      | Reached ***** piety under Okawaru
 12694 | D:10     | Entered Level 10 of the Dungeon
 12747 | D:10     | Got a steaming plate armour
 12758 | D:10     | Identified the cursed +1 plate armour "Kudoetia" {Str+6}
                  | (You found it on level 10 of the Dungeon)
 12927 | D:10     | Reached skill level 5 in Invocations
 13195 | D:10     | Noticed a two-headed ogre
 13204 | D:10     | Killed a two-headed ogre
 13204 | D:10     | Received a gift from Okawaru
 13351 | D:10     | Reached skill level 15 in Maces & Flails
 13643 | D:10     | Noticed a two-headed ogre
 13650 | D:10     | Killed a two-headed ogre
 13771 | D:11     | Found a staircase to the Lair.
 14033 | D:11     | Received a gift from Okawaru
 14254 | D:11     | Found a portal to a secret trove of treasure.
 14284 | D:11     | Killed from afar by an orc

Illustrated notes

Levels and vault maps discovered:
D:1:      mrwooster_arrival_statue_3, layout_basic, interstate_on_off,
          minmay_box_of_dots
D:2:      layout_loops_ring, ashenzari_conservatory_becter, zin_academy,
          elyvilon_altar_1, uniq_crazy_yiuf_cottage, uniq_natasha, uniq_jessica
D:3:      layout_basic, lemuel_round_altar, lemuel_round_altar,
          gammafunk_ghost_nasty_kobolds, fedhas_ov_isle_minmay
D:4:      layout_loops_corners, kiku_gazebo_pond_becter,
          grunt_temple_overflow_diamond, gammafunk_ghost_split,
          minmay_ogre_servants, uniq_blork_the_orc, uniq_eustachio, uniq_duvessa
D:5:      layout_layer_cave, minmay_temple_entry_statues_pillars
D:6:      layout_layer_cave, serial_shops, shop
D:7:      minmay_the_grid_triangle_9x9_rhombus_full
          [minmay_the_grid_triangle_9x9_skeleton,
          minmay_the_grid_triangle_9x9_steps,
          minmay_the_grid_triangle_9x9_zippers_horizontal,
          minmay_the_grid_triangle_9x9_corrupted_corridor,
          minmay_the_grid_triangle_9x9_stretched_checkered,
          minmay_the_grid_triangle_9x9_sprig,
          minmay_the_grid_triangle_9x9_intruding_spiral,
          minmay_the_grid_triangle_9x9_prize_top_heavy], layout_loops_ring,
          kennysheep_crisscross
D:8:      layout_rooms, general_overflow_altar, kennysheep_mini_moat,
          serial_shops, shop, minmay_increasing_density, uniq_joseph, uniq_erica
D:9:      nzn_winding_woodlands_large [nzn_winding_woodlands_5x5_open_star,
          nzn_winding_woodlands_5x15_pathside_ponds,
          nzn_winding_woodlands_5x5_closed_star,
          nzn_winding_woodlands_center_garden,
          nzn_winding_woodlands_15x15_five_gardens,
          nzn_winding_woodlands_center_triple_pond,
          nzn_winding_woodlands_5x5_default, nzn_winding_woodlands_5x15_default,
          nzn_winding_woodlands_hourglass], layout_basic, kennysheep_mini,
          kennysheep_little_box
D:10:     layout_irregular_city
D:11:     layout_roguey, david_lair_generic, nicolae_trove_entry_isolated
Temple:   jpeg_temple_alley_garden

Skill      XL: |  1  2  3  4  5  6  7  8  9 10 11 |
---------------+----------------------------------+-----
Maces & Flails | 4 5 6 7 9 11 12 14 15 | 15.4
Armour         | 2 4 |  4.0
Fighting       | 4 6 |  6.2
Invocations    | 3 6 |  6.3
Throwing       | |  1.7
Dodging        | |  2.4

Action                   |  1- 3 |  4- 6 |  7- 9 | 10-12 || total
-------------------------+-------+-------+-------+-------++-------
Melee: Flail             |    90 |   217 |   502 |   616 ||  1425
       Punch             |       |       |       |     2 ||     2
Throw: Throwing net      |       |       |     1 |       ||     1
Invok: Heroism           |       |       |     1 |     4 ||     5
 Abil: Evoke Flight      |       |       |       |     1 ||     1
Evoke: Wand              |       |       |     2 |       ||     2
  Use: Scroll            |       |     6 |     4 |     8 ||    18
       Potion            |       |       |     2 |     2 ||     4
 Stab: Held in net/web   |       |       |     1 |       ||     1
Armor: Leather armour    |    12 |       |       |       ||    12
       Ring mail         |    34 |    92 |   298 |   180 ||   604
       Plate armour      |       |       |       |   135 ||   135
Dodge: Dodged            |    54 |   107 |   287 |   252 ||   700

Table legend: (Time is in decaauts)
 A = Elapsed time spent in this place.
 B = Non-inter-level travel time spent in this place.
 C = Inter-level travel time spent in this place.
 D = Time resting spent in this place.
 E = Time spent auto-exploring this place.
 F = Levels seen in this place.
 G = Mean time per level.
                   A        B        C        D        E       F      G
               +--------+--------+--------+--------+--------+-----+--------+
         Total |  14135 |  13528 |    607 |    694 |  10556 |  12 | 1177.9 |
       Dungeon |  13858 |  13330 |    528 |    694 |  10360 |  11 | 1259.8 |
        Temple |    276 |    197 |     79 |      0 |    196 |   1 |  276.0 |
               +--------+--------+--------+--------+--------+-----+--------+

Top non-repeatable levels by time:
     D:9: 1938 daAuts
     D:4: 1715 daAuts
     D:2: 1563 daAuts
     D:5: 1514 daAuts
     D:7: 1502 daAuts
    D:10: 1281 daAuts
     D:3: 1156 daAuts
     D:1: 1100 daAuts
     D:8: 974 daAuts
     D:6: 858 daAuts
  Temple: 276 daAuts
    D:11: 251 daAuts
